 Dungeon Crawl Stone Soup version 0.26.0-15-gc6cd9f700b (webtiles) character file.

Game seed: 12882364388153381426

94 runemasterragnar the Skirmisher (level 4, 0/50 HPs)
             Began as an Ogre Fighter on Jan 16, 2021.
             Slain by a kobold
             ... wielding a +0 short sword
              (4 damage)
             ... on level 3 of the Dungeon.
             The game lasted 00:02:56 (3285 turns).

runemasterragnar the Skirmisher (Ogre Fighter)      Turns: 3285, Time: 00:02:56

Health: 0/50       AC:  3    Str: 21    XL:     4   Next: 63%
Magic:  4/4        EV:  8    Int:  9    God:
Gold:   142        SH:  8    Dex:  8    Spells: 3/3 levels left

rFire    . . .     SeeInvis .   f - -2 spear (curse)
rCold    . . .     Faith    .   c - +0 kite shield
rNeg     . . .     Spirit   .   b - +0 robe
rPois    .         Reflect  .   (helmet restricted)
rElec    .         Harm     .   (no cloak)
rCorr    .         Rampage  .   (gloves unavailable)
Will     .....                  (boots unavailable)
Stlth    +.........             (no amulet)
HPRegen  0.16/turn              (no ring)
MPRegen  0.09/turn              (no ring)

@: no status effects
A: large, unfitting armour, tough skin 1
a: no special abilities


You were on level 3 of the Dungeon.
You visited 1 branch of the dungeon, and saw 3 of its levels.

You collected 142 gold pieces.

Inventory:

Hand Weapons
 a - a +0 war axe
 f - a cursed -2 spear (weapon)
Armour
 b - a +0 robe (worn)
 c - a +0 kite shield (worn)
Magical Staves
 i - an uncursed staff of conjuration
Scrolls
 j - 3 scrolls of identify
Potions
 d - a potion of might
 e - a potion of curing
 k - a potion of magic {unknown}
 l - a potion of flight {unknown}


   Skills:
 * Level 5.3 Fighting
 * Level 3.2 Axes
 * Level 0.7 Throwing
 + Level 3.1 Dodging
 - Level 2.6 Shields


You had 3 spell levels left.
You didn't know any spells.
Your spell library was empty.

Dungeon Overview and Level Annotations

Branches:
Dungeon (3/15)

Altars:


Innate Abilities, Weirdness & Mutations

You are too large for most types of armour.
You have tough skin. (AC +1)


Message History

The kobold hits you with a +0 short sword.
* * * LOW HITPOINT WARNING * * *
The kobold barely misses you.
Unknown command.
You hit the worm.
The worm is severely wounded.
The kobold barely misses you. The worm barely misses you.
You block the kobold's attack.
Unknown command.
You hit the worm but do no damage.
The worm is severely wounded.
The worm looks more healthy.
The kobold hits you but does no damage. x2
You block the worm's attack.
The kobold hits you with a +0 short sword.
* * * LOW HITPOINT WARNING * * *
Unknown command.
You hit the worm.
You kill the worm!
The kobold hits you with a +0 short sword.
You die...

.........#
#........# # .
#.......<#.# ... .
###........#.#....
.. .................
...
###..###.†.##......)
#.[...<..### ..
##...#.###### ####.#
....##.########K@((#
..............#K####
........(g.....g#
.##....)(.....### .
#...........#
#.......[...#
#(..........#
(.(........>.#
##.....(.....#


You could see a goblin and 2 kobolds.

Vanquished Creatures
  A gnoll (D:1)
  3 adders (D:2)
  An ooze (D:1)
  3 worms
  2 dart slugs
  5 orcs (D:3)
  A giant cockroach (D:1)
  5 goblins
  3 hobgoblins
  3 kobolds (D:2)
  4 bats
  5 frilled lizards
  7 rats
43 creatures vanquished.

Notes
Turn   | Place    | Note
-------+----------+-------------------------------------------
     0 | D:1      | runemasterragnar the Ogre Fighter began the quest for the
                  | Orb.
     0 | D:1      | Reached XP level 1. HP: 24/24 MP: 1/1
   218 | D:1      | Reached XP level 2. HP: 28/32 MP: 2/2
   507 | D:1      | Reached XP level 3. HP: 37/40 MP: 3/3
  1163 | D:2      | Reached skill level 5 in Fighting
  1735 | D:2      | Reached XP level 4. HP: 39/50 MP: 4/4
  3285 | D:3      | Slain by a kobold

Illustrated notes

Levels and vault maps discovered:
D:1:      tarquinn_simple_flora_water_d, layout_basic, minivault_25,
          minmay_misc_feat_nine_boxes
D:2:      layout_loops_cross
D:3:      layout_rooms, uniq_terence

Skill      XL: |  1  2  3 |
---------------+----------+-----
Dodging        | 3 |  3.1
Fighting       | 5 |  5.3
Axes           | 3 |  3.2
Throwing       | |  0.7
Shields        | |  2.6

Action                   |  1- 3 |  4- 6 || total
-------------------------+-------+-------++-------
Melee: War axe           |    38 |       ||    38
       Spear             |    98 |    78 ||   176
Throw: Dart              |     6 |    36 ||    42
       Javelin           |       |    11 ||    11
  Use: Scroll            |     4 |       ||     4
Armor: Robe              |    25 |    14 ||    39
Dodge: Dodged            |    30 |    36 ||    66
Block: Kite shield       |    45 |    47 ||    92
